[Event "1st Bella Italia International 2022"]
[Site "Lignano"]
[Date "2022.08.21"]
[Round "7.8"]
[White "Loiacono, Leonardo"]
[Black "Bommini Mounika Akshaya"]
[Result "0-1"]
[ECO "A11"]
[WhiteElo "2291"]
[BlackElo "2107"]
[Annotator "TA"]
[PlyCount "100"]
[EventDate "2022.08.18"]
[EventCountry "ITA"]
[SourceTitle "playchess.com"]
[Source "ChessBase"]
[SourceQuality "1"]
[TimeControl "5400+30"]

1. g3 d5 2. Nf3 Bg4 3. Bg2 Nd7 4. c4 e6 5. cxd5 exd5 6. O-O Ngf6 7. d3 c6 8. h3 {[%emt 0:00:06] A11: English Opening: 1...c6.} Bxf3 9. Bxf3 Bd6 10. Bg2 {[%emt 0:00:04] The position is equal. was the old line (10.e4).} O-O 11. e4 dxe4 12. dxe4 Nc5 13. Qc2 Re8 14. Re1 {[%emt 0:03:51] [#]} Nfxe4 $146 ({Predecessor:} 14... Bf8 15. Rd1 Qe7 16. Nc3 Rad8 17. Rxd8 Qxd8 18. Be3 Qe7 19. Re1 Qd8 20. b3 b6 {1-0 (33) Benidze,D (2514)-Ozturk,E (2201) Edirne 2013}) 15. Rxe4 (15. Bxe4 f5) 15... Nxe4 16. Bxe4 Bxg3 $1 {[%emt 0:02:37][%cal Oe8e4] Strongly threatening ...Rxe4!} 17. Nc3 {[%emt 0:09:15] [#]} (17. Bxh7+ $11 Kh8 18. fxg3) 17... Bc7 $1 $17 {[%emt 0:05:33] Black continues to play with concentration.} 18. Qd3 (18. Bxh7+ $17 Kh8 19. Be4) 18... Qxd3 $19 19. Bxd3 {[%emt 0:00:04] A strong pair of Bishops.} Re1+ 20. Kg2 Rd8 21. Bc2 Bf4 $1 22. Bxf4 Rxa1 23. Be3 a6 24. Bb3 (24. b4 $142) 24... b5 25. Ne4 h6 26. Bb6 Rd7 27. Ba5 Rb1 (27... Rc1 $142 {aiming for ...c5.} 28. Bb6 a5) 28. Nc5 Rd6 29. Bc3 a5 30. Bxa5 Rxb2 31. Bc3 Rb1 ({Wrong is} 31... Re2 $2 32. Kf3 Re8 33. Kf4 $19) 32. Ne4 {[%emt 0:03:52] [#]} Rxb3 $1 33. axb3 Rd3 34. Be5 Rxb3 35. Nc5 Ra3 36. h4 f6 37. Bd4 Kf7 38. h5 (38. Bb2 $142 Ra2 39. Bd4) 38... Ke7 {[%emt 0:03:12] Hoping for ...Kd6.} 39. Ne4 Ke6 {[%emt 0:00:32] White must now prevent ...Kd5.} 40. Bc5 Ra4 41. f3 f5 42. Nf2 Rc4 43. Bf8 Kf7 44. Bd6 b4 {[%emt 0:00:56] And now ...b3 would win.} 45. Nd3 Rd4 46. Ne5+ Ke6 47. Nxc6 Rd2+ {[%emt 0:00:46] Black mates.} 48. Kg3 Kxd6 49. Nxb4 Kc5 50. Na6+ Kb6 {[%emt 0:00:05] Weighted Error Value: White=0.73/Black=0.15 (very precise)} 0-1

[Event "1st Bella Italia International 2022"]
[Site "Lignano"]
[Date "2022.08.21"]
[Round "7.9"]
[White "Cappelletto, Joshuaede"]
[Black "Brotto, Alessandro"]
[Result "1-0"]
[ECO "B01"]
[WhiteElo "2266"]
[BlackElo "2027"]
[Annotator "TA"]
[PlyCount "69"]
[EventDate "2022.08.18"]
[EventCountry "ITA"]
[SourceTitle "playchess.com"]
[Source "ChessBase"]
[SourceQuality "1"]
[TimeControl "5400+30"]

1. e4 d5 2. exd5 Nf6 3. Nf3 Qxd5 4. Nc3 Qa5 5. d4 Bg4 6. h3 Bh5 {[%emt 0:02:15] 6...Bxf3 deserves study.} 7. Bc4 {[%emt 0:02:47] B01: Scandinavian Defence.} ({White should try} 7. g4 $14 Bg6 8. Bd2) 7... Nbd7 (7... Nc6 $11 {keeps the balance.}) 8. Bd2 {[%emt 0:05:37][%cal Oc3d5] Threatens to win with Nd5!} c6 {[%emt 0:00:35] [#] Against Nd5} 9. Nd5 $1 {[%emt 0:10:54] White is slightly better.} Qd8 10. Nf4 Bxf3 11. Qxf3 {[%emt 0:00:05] [#]} (11. gxf3 Nb6 12. Bb3 Qxd4 $15) 11... e6 $146 {[%emt 0:06:27] [#]} (11... Nb6 $14 12. Bb3 e6) ({Predecessor:} 11... Nb6 12. Qb3 Nxc4 13. Qxc4 Qd6 14. c3 O-O-O 15. Qxf7 e6 16. Qxe6+ Qxe6+ 17. Nxe6 Re8 {0-1 (55) Gomez Vasquez,L (1735)-Campos Perilla,S (1378) Antioquia 2020}) 12. O-O-O {[%emt 0:07:48] White is much more active. The black rooks are badly placed.} (12. Bxe6 $142 $1 {[%cal Oe1c1][%mdl 512] Hoping for 0-0-0!} fxe6 (12... Bd6 13. Bb3) 13. Nxe6) 12... Nd5 (12... Qb6 $16) 13. Nxd5 $18 cxd5 14. Bxd5 ({Not} 14. Bb5 a6 15. Bd3 Bd6 $14) 14... Be7 (14... exd5 $2 15. Rhe1+ Be7 16. Bb4 $18) (14... Bd6 $142) 15. Bxb7 Rb8 {[%emt 0:00:07] White must now prevent ...Qb6.} 16. Bf4 Bg5 17. Bc6 O-O 18. Bxd7 Bxf4+ 19. Qxf4 {[%emt 0:00:04] aiming for Ba4.} Qxd7 20. f3 Qa4 {[%emt 0:01:47] [#]} 21. Kb1 $1 Rfc8 22. Qc1 a5 23. d5 Qc4 24. d6 a4 25. Rd3 Qb5 26. Rhd1 Rb7 27. Rd4 ({Don't do} 27. d7 Rd8 28. c4 Qc5) 27... Rcb8 28. Ka1 e5 (28... Qc6 $142 29. c4 Qc5) 29. Rd5 Qc4 (29... Qc6 $142 30. c4 f6) 30. d7 Rd8 31. Rxe5 {[%emt 0:00:05] Re8+ would kill now.} Kf8 {[%emt 0:00:27] Against Re8+} 32. Qe3 {[%emt 0:01:52] White threatens Re8+ and mate.} Rbxd7 33. Rd3 (33. Rxd7 $18 Qf1+ 34. Qe1 Qxe1+ 35. Rxe1 Rxd7 36. b4) 33... Rd6 $4 (33... Qxc2 $19 34. Qc5+ Qxc5 35. Rxc5 Rxd3) 34. Rxd6 Qf1+ 35. Qe1 {[%emt 0:00:00] Weighted Error Value: White=0.42/Black=0.65} 1-0

[Event "1st Bella Italia International 2022"]
[Site "Lignano"]
[Date "2022.08.21"]
[Round "7.10"]
[White "Urbani, Gabriel"]
[Black "Micottis, Dorian"]
[Result "1/2-1/2"]
[ECO "B13"]
[WhiteElo "2046"]
[BlackElo "2263"]
[Annotator "TA"]
[PlyCount "104"]
[EventDate "2022.08.18"]
[EventCountry "ITA"]
[SourceTitle "playchess.com"]
[Source "ChessBase"]
[SourceQuality "1"]
[TimeControl "5400+30"]

1. e4 c6 2. d4 d5 3. exd5 cxd5 4. Bd3 Nc6 5. Nf3 Bg4 6. c3 e6 7. O-O Bd6 8. Nbd2 Nf6 9. Re1 O-O {[%emt 0:00:13] B13: Caro-Kann: Exchange Variation and Panov-Botvinnik Attack.} 10. Nf1 Bh5 11. Ng3 Bg6 {[%emt 0:00:04] [#]} 12. Ne5 $146 ({Predecessor:} 12. Bg5 Bxd3 13. Qxd3 h6 14. Bxf6 Qxf6 15. Re2 Rfe8 16. Rae1 Bf8 17. Nh5 Qd8 18. Nf4 {1-0 (30) Nabavi,P (2168)-Hess,M (2189) Baden 2016}) 12... Qc7 13. f4 Rab8 14. Qf3 (14. Bxg6 $11 hxg6 15. Nh1) 14... b5 15. Nxg6 hxg6 16. h4 (16. a3 $1 $11 {keeps the balance.}) 16... Rfe8 (16... b4 $17 17. Be3 bxc3 18. bxc3 Ne7) 17. h5 $11 Ne7 18. hxg6 Nxg6 19. Nh5 Nxh5 20. Qxh5 Nxf4 21. Bxf4 Bxf4 22. Qh7+ (22. Bh7+ $1 $15 Kf8 23. Rf1) 22... Kf8 $19 23. Qh8+ Ke7 24. Qxg7 Bh2+ (24... Rg8 $19 {( -> ...Bh2+)} 25. Rxe6+ (25. Qh7 $2 Rh8 $19) 25... Kxe6 26. Re1+ Kd7 27. Bxb5+ Rxb5 28. Qxg8 Kc6 29. Qe8+ Qd7) 25. Kh1 $17 {[%emt 0:00:01] [#] Bg6 is the strong threat.} Qg3 {[%emt 0:00:08] Prevents Bg6.} (25... Qf4 $17 {aiming for ...Rh8.} 26. Rf1 Rg8) 26. Bg6 $15 Qxg6 (26... Qh4 {is interesting.} 27. Qxf7+ Kd6 28. Qh7 Qxh7 29. Bxh7 Bf4) 27. Qxg6 {[%emt 0:00:01] Dancing on a razor blade.} fxg6 28. Kxh2 {[%emt 0:00:02][%mdl 4096] Endgame KRR-KRR} b4 29. Re3 bxc3 30. bxc3 Rb2 31. Rae1 Kf6 (31... Kd6 $15 {deserves consideration.}) 32. R1e2 Rxe2 33. Rxe2 {[%emt 0:00:00] KR-KR} Rc8 34. Re3 Rh8+ 35. Kg1 Rh5 36. g3 e5 37. dxe5+ {[%emt 0:00:17] The position is equal.} Rxe5 38. Rd3 Re2 39. Rxd5 Rxa2 40. c4 a5 41. c5 Ke6 42. Rd6+ Kf5 43. c6 {[%emt 0:00:10] [#] And now Rd5+ would win.} Rc2 44. Rd5+ Kg4 45. Rxa5 (45. c7 {seems wilder.} a4 46. Rd4+ Kxg3 47. Rd3+) 45... Rxc6 46. Ra3 Rc1+ 47. Kg2 Rc2+ 48. Kg1 $1 g5 49. Ra5 Rc3 50. Kh2 Rc2+ 51. Kg1 Rb2 52. Rc5 Rb1+ {[%emt 0:00:40] Weighted Error Value: White=0.15 (very precise) /Black=0.14 (very precise)} 1/2-1/2

[Event "1st Bella Italia International 2022"]
[Site "Lignano"]
[Date "2022.08.21"]
[Round "7.11"]
[White "Titze, Leo"]
[Black "Lapiccirella, Daniele"]
[Result "1/2-1/2"]
[ECO "B14"]
[WhiteElo "2071"]
[BlackElo "2173"]
[Annotator "TA"]
[PlyCount "47"]
[EventDate "2022.08.18"]
[EventCountry "ITA"]
[SourceTitle "playchess.com"]
[Source "ChessBase"]
[SourceQuality "1"]
[TimeControl "5400+30"]

1. e4 c5 2. d4 cxd4 3. c3 d5 4. exd5 Qxd5 5. cxd4 e6 6. Nc3 Qd8 7. Nf3 Nf6 8. Bc4 Be7 9. O-O O-O 10. Bf4 {[%emt 0:00:55] 10.a3 is a critical line.} Nc6 11. a3 Bd7 {[%emt 0:13:52] [#] B14: Caro-Kann: Panov-Botvinnik Attack with 5...e6 and 5...g6.} 12. b4 $146 ({Predecessor:} 12. Qe2 Rc8 13. Rad1 Na5 14. Ba2 Bxa3 15. bxa3 Rxc3 16. Bd2 Rc2 17. Bb1 Rb2 18. Qe1 Nc6 19. Bc3 Rb3 20. Ne5 Nd5 21. Nxc6 Bxc6 22. Ba1 Qg5 23. Qe4 {0-1 (23) Klueting,R (1973)-Humburg,P (2244) Dortmund 2019}) 12... Rc8 {[%emt 0:15:04][%cal Oc6b4] White must now prevent ...Nxb4!} 13. Qb3 a5 14. d5 exd5 15. Nxd5 Nxd5 16. Bxd5 {[%emt 0:00:03] Hoping for b5.} axb4 17. axb4 Nxb4 18. Bxb7 {[%emt 0:09:04] [#] Strongly threatening Rfd1.} Be6 $1 19. Qd1 Rc4 20. Qxd8 Rxd8 21. Bg3 h6 22. Ne5 Rc5 23. f4 Bd5 24. Bxd5 $1 {[%emt 0:01:04] Weighted Error Value: White=0.08 (flawless) /Black=0.03 (flawless)} 1/2-1/2

[Event "1st Bella Italia International 2022"]
[Site "Lignano"]
[Date "2022.08.21"]
[Round "7.12"]
[White "Della Pietra, Andrea"]
[Black "Etxagibel Larranaga, Asier"]
[Result "0-1"]
[ECO "D45"]
[WhiteElo "2172"]
[BlackElo "2118"]
[Annotator "ChessBase"]
[PlyCount "78"]
[EventDate "2022.08.18"]
[EventCountry "ITA"]
[SourceTitle "playchess.com"]
[Source "ChessBase"]
[SourceQuality "1"]
[TimeControl "5400+30"]

1. d4 d5 2. c4 c6 3. Nc3 Nf6 4. e3 a6 5. Qc2 e6 6. Nf3 Be7 7. g4 dxc4 8. Bxc4 b5 9. Be2 Bb7 10. e4 c5 11. g5 Nfd7 12. Be3 cxd4 13. Bxd4 O-O 14. Be3 Qa5 15. Nd2 Rc8 16. a3 Nc6 17. O-O Qd8 18. Rad1 Bxg5 19. f4 Be7 20. Nf3 Qe8 21. e5 Na5 22. Qd2 Rd8 23. Qe1 Rac8 24. Nxb5 Nc4 25. Bxc4 Rxc4 26. Nd6 Bxd6 27. Rxd6 Nf8 28. Qd2 Rdc8 29. Nd4 Be4 30. Rd1 f6 31. Qf2 Qh5 32. Ne2 Rc2 33. R6d2 Rxd2 34. Rxd2 Bf3 35. Nc3 Ng6 36. Qg3 Nh4 37. Rf2 Bb7 38. Rf1 Nf5 39. Qe1 Qg4+ 0-1

[Event "1st Bella Italia International 2022"]
[Site "Lignano"]
[Date "2022.08.21"]
[Round "7.13"]
[White "Grigorian, Roudolph"]
[Black "Cino, Giuseppe Adalberto"]
[Result "1/2-1/2"]
[ECO "D02"]
[WhiteElo "2101"]
[BlackElo "1976"]
[Annotator "TA"]
[PlyCount "133"]
[EventDate "2022.08.18"]
[EventCountry "ITA"]
[SourceTitle "playchess.com"]
[Source "ChessBase"]
[SourceQuality "1"]
[TimeControl "5400+30"]

1. d4 d5 2. Bf4 e6 3. e3 c5 4. Nc3 a6 5. Nf3 Nc6 6. Be2 Nf6 7. O-O {[%emt 0:03:20] D02: 1 d4 d5 2 Nf3 sidelines, including 2...Nf6 3 g3 and 2...Nf6 3 Bf4.} Nh5 {[%emt 0:02:58] [#]} 8. Be5 $146 ({White should try} 8. Bg5 Nf6 9. g3) ({Predecessor:} 8. Bg3 Nxg3 9. hxg3 Bd6 10. Re1 O-O 11. e4 cxd4 12. Nxd4 Bc5 13. Nb3 Bb4 14. exd5 Bxc3 15. bxc3 exd5 {½-½ (69) Lefrancois,J (1476)-Pillard,V (2212) Europe Echecs INT 2022}) 8... f6 $11 9. Bg3 {[%emt 0:09:12] Black is slightly better.} Nxg3 10. hxg3 Bd6 11. e4 Nxd4 12. exd5 e5 13. Ne4 Nxf3+ 14. Bxf3 f5 15. Nxd6+ Qxd6 16. Qd2 O-O 17. c4 Bd7 18. a3 Rae8 19. Rfe1 e4 20. Bh5 g6 21. Bd1 f4 22. gxf4 Rxf4 23. g3 Rf6 24. Qg5 Ref8 25. Re2 Rf5 26. Qh4 e3 27. Rxe3 Rxf2 {[%emt 0:00:15] ( -> ...Rf1+)} 28. Be2 {[%emt 0:00:18] Against Rf1+} R8f6 29. Rf1 Rxf1+ 30. Bxf1 b5 31. b3 Kg7 32. Qe4 Kf7 (32... Rf7 $11) 33. Kg2 bxc4 34. Bxc4 a5 35. Re1 h5 36. Qe3 h4 (36... Kg7 $1 $11) 37. gxh4 $18 Rf4 {[%emt 0:00:02] [#]} 38. Rf1 (38. Qxf4+ $1 $16 Qxf4 39. Rf1 Qxf1+ 40. Kxf1 (40. Bxf1 Kf6 $11)) 38... Rxf1 $11 39. Kxf1 {[%emt 0:00:01][%mdl 4096] Endgame KQB-KQB} Kg7 (39... Bf5 $11) 40. Kg2 (40. Qc3+ $14 Kg8 41. Kg2 (41. Qxa5 Qf6+ 42. Kg2 Qb2+ 43. Kf3 Qf6+ 44. Kg2 Qb2+ 45. Kh1 Qb1+ 46. Kh2 Qb2+ 47. Kh1 Qb1+ 48. Kh2 Qb2+ 49. Kh1 $11)) 40... Kh7 (40... Qf6 $11) 41. Qg5 (41. Qf3 $16) 41... Bf5 42. Qe3 Qf6 43. Kg3 Qd6+ 44. Qf4 Qe7 45. Kf2 Qg7 46. Qe3 (46. h5 $14) 46... Qf6 47. Kg3 Qd6+ 48. Qf4 Qe7 49. Kf2 (49. h5 $11 {feels stronger.}) 49... Qg7 $14 50. d6 (50. h5 $5) 50... Qb2+ 51. Kg3 {[%emt 0:00:45] Threatens to win with Qe3.} Qc3+ 52. Kf2 Qb2+ 53. Kg1 Qb1+ 54. Kf2 Qb2+ 55. Ke1 {[%emt 0:00:29] Strongly threatening Qe3.} Qb1+ 56. Ke2 {[%emt 0:00:06] Qe5 is the strong threat.} Qc2+ 57. Kf1 Bd3+ $2 (57... Qd1+ $11 58. Kf2 Qc2+ 59. Be2 Qxb3) 58. Bxd3 $18 {[%emt 0:00:15] Chess con chili.} Qxd3+ {[%emt 0:00:01] [#] KQ-KQ} 59. Ke1 $2 (59. Kf2 $1 $18 {And now Qf7+ would win.} Qxb3 60. Qf6) 59... Qb1+ $2 (59... Qc3+ $1 $11 60. Qd2 Qxb3) 60. Ke2 $2 (60. Kf2 $18 {aiming for Qf7+.} Qb2+ 61. Kf3 Qxb3+ 62. Ke4 Qe6+ 63. Qe5 Qc4+ 64. Ke3) 60... Qc2+ $11 61. Qd2 Qe4+ 62. Kd1 {[%emt 0:00:10] Black must now prevent Kc1.} Qb1+ 63. Ke2 Qe4+ 64. Qe3 Qc2+ $2 (64... Qg2+ $11 {and Black is okay.} 65. Kd3 (65. Ke1 Qh1+ 66. Kd2 Qh2+ 67. Kc3 Qxd6 $11) 65... Qd5+ 66. Kc3 Qxd6) 65. Kf3 $2 (65. Ke1 $18) 65... Qd1+ 66. Qe2 Qxd6 67. Qc4 {[%emt 0:00:13] Weighted Error Value: White=0.22 (precise) /Black=0.24 (precise)} 1/2-1/2

[Event "1st Bella Italia International 2022"]
[Site "Lignano"]
[Date "2022.08.21"]
[Round "7.14"]
[White "Bettalli, Francesco"]
[Black "Tencati, Giuseppe"]
[Result "1-0"]
[ECO "D70"]
[WhiteElo "2237"]
[BlackElo "2055"]
[Annotator "TA"]
[PlyCount "55"]
[EventDate "2022.08.18"]
[EventCountry "ITA"]
[SourceTitle "playchess.com"]
[Source "ChessBase"]
[SourceQuality "1"]
[TimeControl "5400+30"]

1. d4 Nf6 2. c4 g6 3. f3 d5 4. cxd5 Nxd5 5. e4 Nb6 6. Nc3 Bg7 7. Be3 O-O 8. Qd2 e5 9. d5 $1 c6 {[%emt 0:00:25] D70: Grünfeld: Unusual White 3rd moves (met by ...d5).} 10. h4 cxd5 11. exd5 (11. Nxd5 Be6 $11) 11... N8d7 {[%emt 0:00:29][%cal Bb8d7,Bd7f6,Bf6g4][%mdl 32] White is slightly better.} 12. h5 Nf6 13. hxg6 fxg6 14. O-O-O Bd7 15. Kb1 Rc8 16. d6 e4 17. fxe4 {[%emt 0:00:06] aiming for Nf3. 17.Ka1 is vanishing.} Ng4 18. Bg5 Qe8 19. Nf3 $1 $36 {[%emt 0:00:05][%mdl 2048] White has good play.} Rf7 ({Much less strong is} 19... Bxc3 20. bxc3 Qxe4+ 21. Bd3 $14) (19... Rxc3 $5 20. bxc3 Qxe4+ 21. Bd3 Qc6 $11) 20. Qe1 {[%emt 0:00:27] [#]} Rxc3 $146 ({Predecessor:} 20... Rc5 21. Bd2 Be6 22. e5 Bxe5 23. Bd3 Na4 24. Nxe5 Rxe5 25. Qh4 Rh5 26. Qg3 Nxc3+ 27. Bxc3 {1-0 (34) Ding,L (2805)-Mamedyarov,S (2774) Stavanger 2019}) 21. bxc3 Qc8 {[%emt 0:00:05] [#]} ({Black should try} 21... Be6 $1 $14) 22. Rd4 $1 Qc5 23. Qd2 h6 {[%emt 0:29:08] [#]} (23... Bc6 $16) 24. Be7 $1 Ne5 (24... Qa5 25. Bc4) 25. Nxe5 Bxe5 {[%emt 0:00:08] [#]} 26. Be2 $1 Bf4 (26... Bg7 27. Rxh6) 27. Qc2 (27. Qd3 $18 {has better winning chances.} Be5 {[#]} 28. Bd1 $1 (28. Rxh6 Kg7 $18) 28... Bxd4 29. cxd4) 27... Ba4 $2 28. Rxa4 {[%emt 0:02:12] Weighted Error Value: White=0.10 (very precise) /Black=0.17 (very precise)} 1-0

[Event "1st Bella Italia International 2022"]
[Site "Lignano"]
[Date "2022.08.21"]
[Round "7.15"]
[White "Seres, Bela"]
[Black "Marson, Roy"]
[Result "1-0"]
[ECO "C50"]
[WhiteElo "2207"]
[BlackElo "1959"]
[Annotator "TA"]
[PlyCount "79"]
[EventDate "2022.08.18"]
[EventCountry "ITA"]
[SourceTitle "playchess.com"]
[Source "ChessBase"]
[SourceQuality "1"]
[TimeControl "5400+30"]

1. e4 e5 2. Nf3 Nc6 3. Bc4 Bc5 4. d3 Nf6 5. Nc3 d6 6. a4 {[%emt 0:02:04] C50: Hungarian Defence and Giuoco Pianissimo.} (6. Na4 $5 ) 6... Bg4 7. h3 Bh5 {[%emt 0:03:44] [#]} 8. Be3 $146 {[%emt 0:08:09] White has an edge.} ({Predecessor:} 8. Nd5 Nxd5 9. Bxd5 O-O 10. g4 Bg6 11. h4 h5 12. Ng5 Qf6 13. Be3 Ne7 14. Bb3 hxg4 15. Qxg4 {1-0 (26) Van Bommel,T (2241)-Lenz,J (1364) LSS email 2015}) 8... Nd4 9. Bxd4 (9. g4 $5 Bg6 10. Nb5 $11) 9... Bxd4 10. g4 Bxc3+ 11. bxc3 Nxg4 12. hxg4 $18 Bxg4 13. d4 f5 $2 (13... Qf6 14. Be2 O-O) 14. Qd3 Qf6 15. Nh2 O-O-O 16. Nxg4 fxg4 17. O-O-O h5 18. Qg3 ({Better is} 18. dxe5 $18 Qxe5 19. Qe3) 18... Qg5+ (18... g6 $16) 19. Kb2 Rdf8 20. Rd3 Rh6 (20... Kb8 $16) 21. f3 Rf4 22. fxg4 Rxg4 23. Qe3 (23. Qf3 $18 {is more deadly.}) 23... Qxe3 $16 24. Rxe3 {[%emt 0:00:01][%cal Oh1h5] aiming for Rxh5!} h4 25. Bf1 {[%emt 0:09:36] [#] Hoping for Bh3.} Rf4 (25... Kd8 $16 {was worth a try.}) 26. Rg1 $18 Rf7 27. dxe5 dxe5 28. Rd3 c6 29. Bh3+ Kc7 30. Bf5 Rd6 31. Rh3 Rh6 32. Rg4 Kb6 (32... g6 {was called for.}) 33. Rhxh4 {[%emt 0:00:12] White is clearly winning.} Rxh4 34. Rxh4 {[%emt 0:00:03][%mdl 4096] Endgame KRB-KR} Kc5 35. Rg4 Re7 36. Kb3 b5 (36... Rf7 $142 37. Rg6 Re7) 37. a5 Kd6 38. Kb4 {[%emt 0:00:35] [#] Strongly threatening Rg6+.} a6 39. Rg6+ Kc7 40. Kc5 {[%emt 0:00:07] Weighted Error Value: White=0.19 (very precise) /Black=0.52} 1-0

[Event "1st Bella Italia International 2022"]
[Site "Lignano"]
[Date "2022.08.21"]
[Round "7.16"]
[White "Montorsi, Matteo"]
[Black "Arana Garate, Jon"]
[Result "0-1"]
[ECO "B11"]
[WhiteElo "2100"]
[BlackElo "1933"]
[Annotator "NA RC"]
[PlyCount "108"]
[EventDate "2022.08.18"]
[EventCountry "ITA"]
[SourceTitle "playchess.com"]
[Source "ChessBase"]
[SourceQuality "1"]
[TimeControl "5400+30"]

1. e4 c6 2. Nc3 d5 3. Nf3 Bg4 4. h3 Bxf3 5. Qxf3 e6 6. Be2 Nf6 7. O-O Be7 8. d3 Nbd7 9. Qg3 g6 10. a3 h5 11. Bg5 d4 12. Bxf6 Nxf6 13. Nb1 h4 14. Qf4 Nh5 15. Bxh5 Rxh5 16. Qf3 Qc7 17. Nd2 Rh7 18. c3 O-O-O 19. Nb3 g5 20. Nxd4 g4 21. Qxg4 c5 22. Nf3 Bf6 23. d4 Rg7 24. Qh5 Qf4 25. Qxc5+ Kb8 26. Ne1 Rdg8 27. Rd1 Rg5 28. Qxg5 Qxg5 29. Rd3 Qc1 30. Rf3 Bd8 31. Nd3 Qg5 32. g3 Qg6 33. Re1 hxg3 34. fxg3 Qh7 35. Kg2 Rh8 36. g4 Bh4 37. Re2 f6 38. Nc5 Re8 39. Nd3 Qd7 40. Nf4 f5 41. exf5 exf5 42. Rxe8+ Qxe8 43. gxf5 Qe4 44. Nd3 Qe2+ 45. Nf2 Bf6 46. Kg3 Qxb2 47. Ng4 Qxa3 48. Re3 a5 49. Kf3 Bg5 50. Re8+ Kc7 51. Rg8 Qxc3+ 52. Ke4 Qc6+ 53. Ke5 Qd6+ 54. Ke4 Qf4+ 0-1

[Event "1st Bella Italia International 2022"]
[Site "Lignano"]
[Date "2022.08.21"]
[Round "7.17"]
[White "Heredia Serrano, Carla"]
[Black "Sala, Giulia"]
[Result "1-0"]
[ECO "C52"]
[WhiteElo "2090"]
[BlackElo "1958"]
[Annotator "NA RC"]
[PlyCount "45"]
[EventDate "2022.08.18"]
[EventCountry "ITA"]
[SourceTitle "playchess.com"]
[Source "ChessBase"]
[SourceQuality "1"]
[TimeControl "5400+30"]

1. e4 e5 2. Nf3 Nc6 3. Bc4 Bc5 4. b4 Bxb4 5. c3 Ba5 6. d4 exd4 7. O-O d6 8. Qb3 Qe7 9. cxd4 Bb6 10. e5 Na5 11. Qc2 Nxc4 12. Qxc4 dxe5 13. Ba3 Qe6 14. d5 Qg4 15. Qc3 f6 16. Nbd2 Qd7 17. Rae1 Nh6 18. Nxe5 fxe5 19. Qxe5+ Kf7 20. Qh5+ g6 21. Qxh6 Re8 22. Qxh7+ Kf6 23. Bb2+ 1-0

[Event "1st Bella Italia International 2022"]
[Site "Lignano"]
[Date "2022.08.21"]
[Round "7.18"]
[White "Perossa, Nicolas"]
[Black "Haller, Quentin"]
[Result "1/2-1/2"]
[ECO "B17"]
[WhiteElo "2107"]
[BlackElo "1995"]
[Annotator "NA RC"]
[PlyCount "89"]
[EventDate "2022.08.18"]
[EventCountry "ITA"]
[SourceTitle "playchess.com"]
[Source "ChessBase"]
[SourceQuality "1"]
[TimeControl "5400+30"]

1. e4 c6 2. d4 d5 3. Nc3 dxe4 4. Nxe4 Nd7 5. Nf3 Ngf6 6. Ng3 e6 7. Be3 Be7 8. Qd2 b6 9. O-O-O Bb7 10. Bd3 O-O 11. Ne5 c5 12. Nxd7 Qxd7 13. dxc5 Qa4 14. Kb1 bxc5 15. c4 Bc6 16. f3 Rab8 17. Qc2 Qxc2+ 18. Kxc2 Rb7 19. b3 a5 20. a4 Rfb8 21. Bf4 Rd8 22. Ne2 Nd7 23. Nc3 Nb8 24. Be4 Rc8 25. Bxb8 Bxe4+ 26. fxe4 Rcxb8 27. Nb5 Rd8 28. Rxd8+ Bxd8 29. Rd1 Be7 30. Rd3 f6 31. h3 h5 32. g3 g5 33. Nd6 Rd7 34. Nb5 Rb7 35. g4 h4 36. Rd2 Kh7 37. Nd6 Rd7 38. Nc8 Rxd2+ 39. Kxd2 Bd8 40. Ke3 Kg6 41. Na7 f5 42. Nc6 f4+ 43. Kf3 Bc7 44. Na7 Kf6 45. Nc6 1/2-1/2

[Event "1st Bella Italia International 2022"]
[Site "Lignano"]
[Date "2022.08.21"]
[Round "7.19"]
[White "Olabe Odriozola, Eduardo"]
[Black "Cristiani, Cesare"]
[Result "0-1"]
[ECO "C00"]
[WhiteElo "1946"]
[BlackElo "2006"]
[Annotator "NA RC"]
[PlyCount "91"]
[EventDate "2022.08.18"]
[EventCountry "ITA"]
[SourceTitle "playchess.com"]
[Source "ChessBase"]
[SourceQuality "1"]
[TimeControl "5400+30"]

1. e4 e6 2. d3 d5 3. Nd2 Nf6 4. Ngf3 b6 5. g3 Bb7 6. e5 Nfd7 7. d4 c5 8. c3 Be7 9. Bd3 Nc6 10. O-O Qc7 11. Re1 h6 12. Nf1 g5 13. h3 O-O-O 14. a3 Rdg8 15. Be3 c4 16. Bc2 h5 17. N3h2 Kb8 18. Qe2 Na5 19. Nd2 Ka8 20. Rec1 f5 21. exf6 Nxf6 22. Ndf3 Nd7 23. Bd2 g4 24. hxg4 hxg4 25. Ne5 Nxe5 26. Bf4 Bd6 27. dxe5 Bc5 28. Re1 d4 29. Be4 d3 30. Bxb7+ Qxb7 31. Qe4 Bxf2+ 32. Kxf2 Rxh2+ 33. Ke3 d2 34. Qxb7+ Kxb7 35. Re2 Rgh8 36. Rf1 Nb3 37. Ref2 Rxf2 38. Kxf2 Rh2+ 39. Ke3 Rg2 40. Rd1 Kc6 41. a4 Kb7 42. Bg5 Rxg3+ 43. Kf4 Rg2 44. Bh4 Nc5 45. Ke3 Nxa4 46. Kd4 0-1

[Event "1st Bella Italia International 2022"]
[Site "Lignano"]
[Date "2022.08.21"]
[Round "7.20"]
[White "Giraldi, Edoardo"]
[Black "Rotolante, Luca"]
[Result "1/2-1/2"]
[ECO "C00"]
[WhiteElo "1909"]
[BlackElo "2010"]
[Annotator "NA RC"]
[PlyCount "102"]
[EventDate "2022.08.18"]
[EventCountry "ITA"]
[SourceTitle "playchess.com"]
[Source "ChessBase"]
[SourceQuality "1"]
[TimeControl "5400+30"]

1. e4 e6 2. Nf3 d5 3. Nc3 d4 4. Ne2 c5 5. c3 Nf6 6. e5 Nfd7 7. cxd4 cxd4 8. Nexd4 Nxe5 9. Bb5+ Nec6 10. Nxc6 bxc6 11. Bc4 Bd6 12. O-O O-O 13. d4 Nd7 14. Bg5 Qc7 15. Qe2 Bb7 16. Rac1 Rae8 17. Rfe1 e5 18. dxe5 Nxe5 19. Nxe5 Rxe5 20. Be3 c5 21. Rcd1 Qc6 22. Qf3 Bc7 23. Qxc6 Bxc6 24. Bd2 Rh5 25. g3 Bf3 26. Rc1 Be5 27. Bc3 Bd4 28. Be2 Bxe2 29. Rxe2 Rd5 30. Kg2 Bxc3 31. Rxc3 Rb8 32. Rec2 Kf8 33. Rxc5 Rxc5 34. Rxc5 Rb7 35. b3 Ke7 36. Kf3 Kd6 37. Rc4 Re7 38. h4 Kd5 39. Ra4 Kc5 40. g4 f6 41. Kf4 Kb5 42. f3 a5 43. g5 fxg5+ 44. hxg5 Re2 45. Kg4 g6 46. f4 Re1 47. Kf3 Re7 48. Rc4 Kb6 49. Ra4 Kb5 50. Rc4 Kb6 51. Ra4 Kb5 1/2-1/2